 Dungeon Crawl Stone Soup version 0.21-a0-404-g291f19a (webtiles) character file.

146 graki42 the Firebug (level 5, -11/42 HPs)
             Began as a Deep Elf Fire Elementalist on Oct 30, 2017.
             Mangled by an orc
             ... wielding a +0 hand axe of electrocution
              (19 damage)
             ... on level 3 of the Dungeon.
             The game lasted 00:06:51 (1480 turns).

graki42 the Firebug (Deep Elf Fire Elementalist)    Turns: 1480, Time: 00:06:52

Health: -11/42     AC: 22    Str:  6    XL:     5   Next: 7%
Magic:  1/14       EV:  2    Int: 20    God:
Gold:   146        SH:  0    Dex: 15    Spells: 2/13 levels left

rFire    . . .     SeeInvis .   (no weapon)
rCold    . . .     Gourm    .   (no shield)
rNeg     + + +     Faith    .   (armour currently unavailable)
rPois    +         Spirit   .   (helmet currently unavailable)
rElec    .         Reflect  .   (cloak currently unavailable)
rCorr    .         Harm     .   (gloves currently unavailable)
MR       .....     NoTele   +   (boots currently unavailable)
Stlth    ++........             (no amulet)
HPRegen  0.14/turn              (no ring)
MPRegen  0.14/turn              (no ring)

@: tree-form
A: no striking features
a: no special abilities


You were on level 3 of the Dungeon.
You were hungry.
You were a tree.
You visited 1 branch of the dungeon, and saw 3 of its levels.

You collected 146 gold pieces.

Inventory:

Missiles
 j - 48 stones (quivered)
Armour
 a - a +0 robe (melded)
 i - a +0 helmet (melded)
Jewellery
 d - a +4 amulet of reflection {unknown}
Scrolls
 e - a scroll of identify
Potions
 f - a potion of brilliance
 m - a potion of resistance {unknown}
 n - a potion of heal wounds {unknown}
Books
 b - a book of Flames

   Spells                             Type                      Level
   a - Flame Tongue                   Conjuration/Fire             1
   b - Throw Flame                    Conjuration/Fire             2
   c - Conjure Flame                  Conjuration/Fire             3
   d - Inner Flame                    Hexes/Fire                   3
   e - Sticky Flame                   Conjuration/Fire             4
   f - Fireball                       Conjuration/Fire             5
Comestibles
 c - a bread ration


   Skills:
 + Level 2.9 Dodging
 + Level 2.7 Stealth
 + Level 4.7 Spellcasting
 + Level 2.0 Conjurations
 + Level 4.8 Fire Magic


You had 2 spell levels left.
You knew the following spells:

 Your Spells              Type           Power        Failure   Level  Hunger
a - Flame Tongue          Conj/Fire      ###..        2%          1    None
b - Conjure Flame         Conj/Fire      ###.....     9%          3    ##.....
c - Inner Flame           Hex/Fire       ##......     13%         3    ##.....
d - Sticky Flame          Conj/Fire      ###.....     28%         4    ####...


Dungeon Overview and Level Annotations

Branches:
Dungeon (3/15)

Altars:
Kikubaaqudgha


Message History

The orc hits you with a hand axe of electrocution.
The orc hits you but does no damage.
The orc hits you with a hand axe of electrocution.
The orc hits you but does no damage. The orc hits you but does no damage. x2
The orc hits you but does no damage. The orc hits you with a flail.
The orc hits you but does no damage.
You are electrocuted!
The orc hits you but does no damage. The orc barely misses you.
The orc hits you but does no damage. x2; You are electrocuted!
* * * LOW HITPOINT WARNING * * *
Casting: Flame Tongue
Confirm with . or Enter, or press ? or * to list all spells.
Aiming: Flame Tongue
Press: ? - help, Shift-Dir - straight line, f - orc
Aim: an orc, wielding a flail and wearing a ring mail The flame tongue hits the orc.
The orc is almost dead.
The orc hits you but does no damage. x2; You are electrocuted!
You die...

..).....#
..)).##.#
...<....#
....##### ...
...oo# ... .....#
#.# ..oo.#
#.###### .....#
#.##.oo# .....#
#.##.#♣# .....#
##....#§#
####.....#.o....l#
..##.#.#######
...# #.[o#
##...###o#
###.#####.#
#.....o...#
#......####


You could see 2 orcs and a frilled lizard.

Vanquished Creatures
  A vampire bat (D:2)
  An orc wizard (D:3)
  3 oozes (D:1)
  3 worms
  A leopard gecko (D:1)
  4 orcs
  3 bats
  2 bat skeletons (D:2)
  4 bat zombies (D:2)
  A giant cockroach (D:1)
  9 goblins
  4 hobgoblins
  2 jackals (D:1)
  A quokka (D:2)
  3 frilled lizards (D:1)
  A kobold (D:1)
  8 rats
51 creatures vanquished.

Notes
Turn   | Place    | Note
-------+----------+-------------------------------------------
     0 | D:1      | graki42 the Deep Elf Fire Elementalist began the quest for the Orb.
     0 | D:1      | Reached XP level 1. HP: 10/10 MP: 6/6
     1 | D:1      | Found a runed door.
    52 | D:1      | Reached XP level 2. HP: 3/15 MP: 2/8
   323 | D:1      | Reached XP level 3. HP: 13/19 MP: 1/10
   329 | D:1      | Learned a level 3 spell: Conjure Flame
   333 | D:1      | Learned a level 3 spell: Inner Flame
   793 | D:2      | Found a faded altar of an unknown god.
  1331 | D:2      | Reached XP level 4. HP: 24/24 MP: 4/12
  1337 | D:2      | Learned a level 4 spell: Sticky Flame
  1337 | D:2      | Found an ancient bone altar of Kikubaaqudgha.
  1407 | D:3      | Reached XP level 5. HP: 28/28 MP: 2/14
  1480 | D:3      | Mangled by an orc

Vault maps used:
D:1:      dpeg_arrival_caged_fury, dk_noncrumbling_3
D:2:      nicolae_overflow_hidden_temple, kennysheep_vampire_church,
          chequers_ecumenical_altar_island
D:3:      lemuel_zombie_altar_yredelemnul, portal_sewer_entry_e,
          okawaru_gym_becter

Skill      XL: |  1  2  3  4 |
---------------+-------------+-----
Fire Magic     | 4 |  4.8
Spellcasting   | 4 |  4.7
Conjurations   | 2 |  2.0
Dodging        | |  2.9
Stealth        | |  2.7

Action                   |  1- 3 |  4- 6 || total
-------------------------+-------+-------++-------
 Cast: Flame Tongue      |    62 |    19 ||    81
       Conjure Flame     |     1 |     1 ||     2
       Inner Flame       |     1 |     1 ||     2
  Use: Scroll            |     1 |     4 ||     5
       Potion            |       |     1 ||     1
  Eat: Chunk             |     1 |       ||     1
Armor: Robe              |    13 |     2 ||    15
       Skin              |       |     8 ||     8
Dodge: Dodged            |    31 |    13 ||    44

Table legend:
 A = Spawn XP
 B = Non-spawn XP
 C = Spawn XP percentage of total XP
 D = Spawn monster count
 E = Non-spawn monster count
 F = Spawn count percentage of total count
 G = Total turns spent on level
                    A         B        C        D         E        F      G
               +---------+---------+-------+---------+---------+-------+---------
         Total |       0 |     209 |   0.0 |       0 |      51 |   0.0 |  1480
               +---------+---------+-------+---------+---------+-------+---------
           D:1 |       0 |      61 |   0.0 |       0 |      26 |   0.0 |   675
           D:2 |       0 |      96 |   0.0 |       0 |      20 |   0.0 |   730
           D:3 |       0 |      52 |   0.0 |       0 |       5 |   0.0 |    75
               +---------+---------+-------+---------+---------+-------+---------
